 Dungeon Crawl Stone Soup version 0.31-a0-232-gb1c03b2570 (webtiles) character file.

Game seed: 6334312331510382717

4 qw the Shooter (level 1, 0/16 HPs)
             Began as a Minotaur Hexslinger on July 6, 2023.
             Succumbed to a goblin's poison
             ... on level 1 of the Dungeon.
             The game lasted 00:00:03 (246 turns).

qw the Shooter (Minotaur Hexslinger)                 Turns: 246, Time: 00:00:03

Health: 0/16       AC:  2    Str: 12    XL:     1   Next: 58%
Magic:  1/1        EV: 12    Int: 10    God:
Gold:   0          SH:  0    Dex: 12    Spells: 1/2 levels left

rFire   . . .        a - +1 sling
rCold   . . .        (no shield)
rNeg    . . .        c - +0 robe
rPois   .            (helmet restricted)
rElec   .            (no cloak)
rCorr   .            (no gloves)
SInv    .            (no boots)
Will    .....        (no amulet)
Stlth   +            (no ring)
HPRegen 0.22/turn    (no ring)
MPRegen 0.07/turn

%: no passive effects
@: lethally poisoned (0 -> -11)
A: horns 2, retaliatory headbutt
a: no special abilities


You were on level 1 of the Dungeon.
You visited 1 branch of the dungeon, and saw 1 of its levels.


Innate Abilities, Weirdness & Mutations

You have a pair of horns on your head.
You reflexively headbutt those who attack you in melee.


   Skills:
 - Level 1.2 Fighting
 + Level 2.7 Ranged Weapons
 - Level 2.1 Dodging
 - Level 1.0 Spellcasting
 - Level 2.0 Hexes


You had one spell level left.
You knew the following spells:

 Your Spells              Type           Power      Damage    Failure   Level
a - Slow                  Hex            16%        N/A       16%         1

Your spell library contained the following spells:

 Spells                   Type           Power      Damage    Failure   Level
 Inner Flame              Hex/Fire       2%         N/A       56%         3
 Portal Projectile        Hex/Tloc       4%         N/A       56%         3
 Cause Fear               Hex            2%         N/A       83%         4

Inventory:

Hand Weapons
 a - a +1 sling (weapon)
Armour
 c - a +0 robe (worn)
Scrolls
 b - a scroll of poison
 e - a scroll of vulnerability {unknown}
Potions
 d - a potion of magic {unknown}

Dungeon Overview and Level Annotations

Branches:
Dungeon (1/15)

Altars:

Shops:
D:1 =


Message History

Enter note: A bat comes into view.
Enter note: You shoot a sling bullet.
The sling bullet closely misses the bat.
The bat hits you but does no damage.
You shoot a sling bullet. The sling bullet hits the bat.
You kill the bat!
A goblin comes into view. It is wielding a +2 dagger of venom.
The goblin shouts!
A bat comes into view.
Enter note:
Enter note: You shoot a sling bullet.
The sling bullet hits the goblin.
The goblin is severely wounded.
You shoot a sling bullet.
The sling bullet closely misses the bat.
The sling bullet closely misses the goblin.
The bat misses you. The bat closely misses you.
You shoot a sling bullet. The sling bullet barely misses the bat.
The bat closely misses you. The bat hits you.
You shoot a sling bullet. The sling bullet hits the bat.
You kill the bat!
You shoot a sling bullet.
The sling bullet barely misses the goblin.
The goblin hits you with a +2 dagger of venom.
You are poisoned.
You shoot a sling bullet.
The sling bullet closely misses the goblin.
You feel very sick. The goblin misses you.
The goblin hits you with a +2 dagger of venom.
You are more poisoned.
You shoot a sling bullet.
The sling bullet barely misses the goblin.
You feel very sick. The goblin closely misses you.
You shoot a sling bullet.
The sling bullet barely misses the goblin.
You die...

##....... #.#
....... #.#
...... #.# .(...
#.# ...# #.# #
..# #.# # #.#g#
#.#
#.#.#@#####.# .
#...........#
####.....#######
#............
#.....#######
#.....# #...#.#
#.....#.#
##......#


You could see a goblin.

Vanquished Creatures
  An endoplasm (D:1)
  A goblin (D:1)
  2 bats (D:1)
  A kobold (D:1)
5 creatures vanquished.

Notes
Turn   | Place    | Note
-------+----------+-------------------------------------------
     0 | D:1      | qw the Minotaur Hexslinger began the quest for the Orb.
     0 | D:1      | Reached XP level 1. HP: 16/16 MP: 1/1
     0 | D:1      | 0 ||| qw: Version: 0.3-a-46-gb1f654a
     0 | D:1      | 0 ||| qw: Game counter: 2115
     0 | D:1      | 0 ||| qw: Melee chars always use a shield: true
     0 | D:1      | 0 ||| qw: God list: Okawaru
     0 | D:1      | 0 ||| qw: Allow faded altars: false
     0 | D:1      | 0 ||| qw: Do Orc after clearing Dungeon:15 true
     0 | D:1      | 0 ||| qw: Do second Lair branch before Depths: true
     0 | D:1      | 0 ||| qw: Lair rune preference: random
     0 | D:1      | 0 ||| qw: Goals: Normal
     0 | D:1      | 0 ||| PLANNING D:1-11
   142 | D:1      | Found Imootaso's Jewellery Boutique.
   144 | D:1      | 144 ||| SHOPLISTING +4 ring of slaying (936 gold, have 0).
   144 | D:1      | 144 ||| SHOPLISTING +6 ring of strength (432 gold, have 0).
   144 | D:1      | 144 ||| SHOPLISTING amulet of faith (480 gold, have 0).
   144 | D:1      | 144 ||| SHOPLISTING amulet of reflection (360 gold, have
                  | 0).
   144 | D:1      | 144 ||| SHOPLISTING ring of fire (300 gold, have 0).
   144 | D:1      | 144 ||| SHOPLISTING ring of positive energy (240 gold, have
                  | 0).
   144 | D:1      | 144 ||| SHOPLISTING ring of see invisible (180 gold, have
                  | 0).
   245 | D:1      | HP: 2/16 [poisoned by a goblin]
   246 | D:1      | Succumbed to a goblin's poison

Levels and vault maps discovered:
D:1:      tarquinn_simple_flora_water_b, layout_loops_ring,
          hellmonk_ecumenical_altar_lost_god, serial_shops,
          nicolae_shop_gaudy_bauble, serial_forest, infiniplex_forest_end_3,
          infiniplex_forest_end_2, infiniplex_forest_3_way,
          infiniplex_forest_clump_curved, infiniplex_forest_clump_tiny

Action                     || total
---------------------------++-------
   Fire: Sling             ||    13
 Armour: Robe              ||     1
  Dodge: Dodged            ||     5

Table legend:
 A = Non-vault XP
 B = Vault XP
 C = Vault XP percentage of total XP
 D = Non-vault monster count
 E = Vault monster count
 F = Vault count percentage of total count
                 A         B        C        D         E       F
            +---------+---------+-------+---------+---------+-------
      Total |       7 |       0 |   0.0 |       5 |       0 |   0.0
            +---------+---------+-------+---------+---------+-------
        D:1 |       7 |       0 |   0.0 |       5 |       0 |   0.0
            +---------+---------+-------+---------+---------+-------
